 Dungeon Crawl Stone Soup version 0.30-a0-137-gd8773701ce (webtiles) character file.

Game seed: 13824847566122102608

71 ytrimaz the Stinger (level 4, -1/28 HPs)
             Began as an Octopode Transmuter on Sept 21, 2022.
             Slain by a gnoll
             ... wielding a +0 flail
              (5 damage)
             ... on level 2 of the Dungeon.
             The game lasted 00:01:31 (1956 turns).

ytrimaz the Stinger (Octopode Transmuter)           Turns: 1956, Time: 00:01:32

Health: -1/28      AC:  2    Str:  9    XL:     4   Next: 24%
Magic:  1/7        EV: 19    Int: 17    God:
Gold:   182        SH:  0    Dex: 17    Spells: 2/8 levels left

rFire   . . .      SeeInvis .      - Unarmed
rCold   . . .      Faith    .    (shield currently unavailable)
rNeg    + . .      Spirit   .    (helmet currently unavailable)
rPois   x          Reflect  .    (no amulet)
rElec   .          Harm     .    c - ring of positive energy
rCorr   .          Rampage  .    (no ring)
Will    .....                    (no ring)
Stlth   ++........               (no ring)
HPRegen 0.09/turn                (no ring)
MPRegen 0.10/turn                (no ring)
                                 (no ring)
                                 (no ring)

@: spider-form (expiring)
A: venomous fangs, almost no armour, (amphibious), 8 rings, tiny, (camouflage
1), (gelatinous body 1), (nimble swimmer 1), (tentacles)
a: End Transformation


You were on level 2 of the Dungeon.
You were a venomous arachnid creature.
You visited 1 branch of the dungeon, and saw 2 of its levels.

You collected 182 gold pieces.


Innate Abilities, Weirdness & Mutations

You are a venomous arachnid creature.
You have poisonous fangs.
You are tiny and dextrous.
Your spellcasting is less reliable in this form.
Your armour is entirely melded.
You are incapable of wielding weapons or throwing items.
You cannot wear most types of armour.
((You are amphibious.))
You can wear up to eight rings at the same time.
((Your skin changes colour to match your surroundings (Stealth+).))
((Your rubbery body absorbs attacks. (AC +1, EV +1)))
((You are camouflaged when in or above water. (Stealth+)))
((You have tentacles for arms and can constrict up to eight enemies at once.))


   Skills:
 - Level 1.0 Fighting
 - Level 2.0 Dodging
 - Level 3.0 Unarmed Combat
 + Level 2.6 Spellcasting
 + Level 2.7 Transmutations
 * Level 3.1 Poison Magic


You had 2 spell levels left.
You knew the following spells:

 Your Spells              Type           Power      Damage    Failure   Level
a - Beastly Appendage     Tmut           22%        N/A       17%         1
b - Wereblood             Tmut           11%        N/A       22%         2
c - Spider Form           Tmut/Pois      12%        N/A       34%         3

Your spell library contained the following spells:

 Spells                   Type           Power      Damage    Failure   Level
 Ice Form                 Ice/Tmut       6%         N/A       87%         4
 Summon Ice Beast         Ice/Summ       2%         N/A       96%         4
 Summon Mana Viper        Hex/Summ       2%         N/A       100%        5
 Monstrous Menagerie      Summ           1%         N/A       100%        7

Inventory:

Jewellery
 c - a ring of positive energy (left front leg)
   (You found it on level 1 of the Dungeon)
Scrolls
 g - a scroll of blinking
Potions
 a - a potion of lignification
 b - a potion of curing {unknown}
 d - a potion of haste {unknown}
 e - a potion of flight {unknown}
 f - a potion of resistance {unknown}

Dungeon Overview and Level Annotations

Branches:
Dungeon (2/15) Zot: 10048

Altars:
Qazlal

###### #.gs.# #.##.#
# #.# #### #.#####
#... #.....### #...
####....# #...
#..#.# #††.
#######..#.######...
.........#..........


You could see a gnoll (very poisoned).


Message History

😮 HP[+1] Unknown command.
Key pressed, stopping explore.
Key pressed, stopping explore.
Unknown command. 😕 HP[+8]
You regained 8 hp, and now have 20/23 hp.
You now have 182 gold pieces (gained 7).
f - a glowing orange potion 😎 HP[+3]
Your hp is fully restored (23). 2 gnolls come into view.
The gnoll shouts! x2; You hear a shout! x2
Unknown command.
There are monsters nearby!
Unknown command.
There are monsters nearby!
An endoplasm comes into view.
Unknown command.
Casting: Beastly Appendage (safe; 7% risk of failure)
Confirm with . or Enter, or press ? or * to list all spells.
The spell is extremely dangerous to miscast (21% risk of failure)!
Continue anyway?
You miscast Spider Form.
You are very lightly contaminated with residual magic.
Nothing appears to happen.
The endoplasm quivers.
The gnoll closely misses you. 😎 MP[-3]
You lost 3 mp, and now have 3/6 mp.
Unknown command.
You barely miss the gnoll. You grab the gnoll. You constrict the gnoll.
The gnoll hits you with a +0 flail!
Ouch! That really hurt!
* * * LOW HITPOINT WARNING * * *
😨 HP[-12]
You take 12 damage, and now have 11/23 hp.
MASSIVE DAMAGE!! (PAUSE)
Casting: Spider Form (extremely dangerous; 21% risk of failure)
Confirm with . or Enter, or press ? or * to list all spells.
The spell is extremely dangerous to miscast (21% risk of failure)!
Continue anyway?
You turn into a venomous arachnid creature.
You lose your grip on the gnoll.
The gnoll misses you. 😨 MP[-3]
You lost 3 mp, and now have 0/6 mp.
Unknown command.
You hit the gnoll. The gnoll misses you.
The endoplasm jiggles.
Unknown command.
You hit the gnoll.
The gnoll is poisoned.
The gnoll completely misses you.
Unknown command.
You hit the gnoll.
The gnoll looks as sick as possible!
You kill the gnoll!
You hit the endoplasm but do no damage. The endoplasm completely misses you.
A gnoll comes into view. It is wielding a +0 club.
Unknown command.
You hit the endoplasm.
You kill the endoplasm!
Your magical contamination has completely faded away.
You hit the gnoll.
The gnoll is poisoned.
The gnoll misses you.
Unknown command.
You hit the gnoll. The gnoll misses you.
You hit the gnoll.
The gnoll looks as sick as possible!
The gnoll hits you with a +0 club.
* * * LOW HITPOINT WARNING * * *
Unknown command. 😨 HP[-5] MP[+1]
You take 5 damage, and now have 6/23 hp.
MASSIVE DAMAGE!! (PAUSE)
You hit the gnoll.
You kill the gnoll!
Your transformation is almost over.
Your Poison Magic skill increases to level 3!
You have reached level 4! 😨 HP[+2]
You now have 28 max hp (+5).
You regained 2 hp, and now have 8/28 hp.
You hit the gnoll.
The gnoll is poisoned.
The gnoll hits you with a +0 club.
* * * LOW HITPOINT WARNING * * *
😱 HP[-1]
You take 1 damage, and now have 7/28 hp.
You hit the gnoll but do no damage.
A gnoll comes into view. It is wielding a +0 flail.
The gnoll closely misses you.
Unknown command.
The gnoll shouts!
You hit the gnoll but do no damage.
The gnoll looks as sick as possible!
You hit the gnoll. The gnoll closely misses you.
Unknown command.
Unknown command.
You hit the gnoll.
The gnoll looks as sick as possible!
You kill the gnoll!
You hit the gnoll but do no damage. The gnoll misses you.
You completely miss the gnoll. The gnoll hits you with a +0 flail.
* * * LOW HITPOINT WARNING * * *
😱 HP[-4]
You take 4 damage, and now have 3/28 hp.
Unknown command.
You hit the gnoll.
The gnoll is poisoned.
The gnoll completely misses you.
You hit the gnoll. The gnoll hits you with a +0 flail.
You die...

Skill      XL: |  1  2  3 |
---------------+----------+-----
Poison Magic   | 1 2 3 |  3.1
Fighting       | |  1.0
Dodging        | |  2.0
Unarmed Combat | |  3.0
Spellcasting   | |  2.6
Transmutations | |  2.7

Action                   |  1- 3 |  4- 6 || total
-------------------------+-------+-------++-------
Melee: Unarmed           |    79 |     9 ||    88
       Constrict         |    22 |       ||    22
       Tentacles         |     7 |       ||     7
       Kick              |     4 |       ||     4
       Punch             |     3 |       ||     3
 Cast: Beastly Appendage |     6 |       ||     6
       Spider Form       |     1 |       ||     1
  Use: Scroll            |     2 |       ||     2
 Stab: Sleeping          |     5 |       ||     5
Armor: Skin              |    12 |       ||    12
Dodge: Dodged            |    59 |     4 ||    63

Levels and vault maps discovered:
D:1:      lightli_arrival_farm, layout_basic, hellmonk_ecumenical_altar_zigzags,
          minmay_pentomino_r4
D:2:      layout_basic, basic_altar, uniq_jessica

Notes
Turn   | Place    | Note
-------+----------+-------------------------------------------
     0 | D:1      | ytrimaz the Octopode Transmuter began the quest for the
                  | Orb.
     0 | D:1      | Reached XP level 1. HP: 13/13 MP: 3/3
     0 | D:1      | magus.rc [v1.9.6]
   101 | D:1      | Reached skill level 1 in Poison Magic
   195 | D:1      | Reached XP level 2. HP: 16/18 MP: 5/5
   226 | D:1      | Found a faded altar of an unknown god.
   646 | D:1      | You pick up a book of Beasts and begin reading...
   646 | D:1      | You add the spells Summon Ice Beast, Summon Mana Viper and
                  | Monstrous Menagerie to your library.
  1182 | D:2      | Learned a level 2 spell: Wereblood
  1210 | D:2      | Reached skill level 2 in Poison Magic
  1245 | D:2      | Reached XP level 3. HP: 11/23 MP: 6/6
  1249 | D:2      | Learned a level 3 spell: Spider Form
  1440 | D:2      | Found a stormy altar of Qazlal.
  1948 | D:2      | Reached skill level 3 in Poison Magic
  1948 | D:2      | Reached XP level 4. HP: 8/28 MP: 1/7
  1948 | D:2      | HP: 7/28 [gnoll/+0 club (1)]
  1954 | D:2      | HP: 3/28 [gnoll/+0 flail (4)]
  1956 | D:2      | Slain by a gnoll

Vanquished Creatures
  3 gnolls (D:2)
  An adder (D:2)
  A worm (D:2)
  2 endoplasms (D:2)
  2 goblins (D:2)
  3 hobgoblins (D:2)
  A jackal (D:1)
  A kobold (D:1)
  6 ball pythons
  5 bats
  3 frilled lizards (D:1)
  5 rats
33 creatures vanquished.

Table legend:
 A = Non-vault XP
 B = Vault XP
 C = Vault XP percentage of total XP
 D = Non-vault monster count
 E = Vault monster count
 F = Vault count percentage of total count
                 A         B        C        D         E       F
            +---------+---------+-------+---------+---------+-------
      Total |      98 |       4 |   3.9 |      30 |       3 |   9.1
            +---------+---------+-------+---------+---------+-------
        D:1 |      14 |       4 |  22.2 |      12 |       3 |  20.0
        D:2 |      84 |       0 |   0.0 |      18 |       0 |   0.0
            +---------+---------+-------+---------+---------+-------

Illustrated notes

Table legend:
 A = Kills in this place as a percentage of kills in entire the game.
 B = Kills by you in this place as a percentage of kills by you in the entire game.
 C = Kills by friends in this place as a percentage of kills by friends in the entire game.
 D = Other kills in this place as a percentage of other kills in the entire game.
 E = Experience gained in this place as a percentage of experience gained in the entire game.
 F = Experience gained in this place divided by the number of levels of this place that you have seen.
                   A       B       C       D       E      F
               +-------+-------+-------+-------+-------+----------------------
         Total | 100.0 | 100.0 |   N/A |   N/A | 100.0 |  51.0
       Dungeon | 100.0 | 100.0 |   N/A |   N/A | 100.0 |  51.0
               +-------+-------+-------+-------+-------+----------------------

Table legend: (Time is in decaauts)
 A = Elapsed time spent in this place.
 B = Non-inter-level travel time spent in this place.
 C = Inter-level travel time spent in this place.
 D = Time resting spent in this place.
 E = Time spent auto-exploring this place.
 F = Levels seen in this place.
 G = Mean time per level.
                   A        B        C        D        E       F      G
               +--------+--------+--------+--------+--------+-----+--------+
         Total |   1950 |   1930 |     20 |      0 |   1687 |   2 |  975.0 |
       Dungeon |   1950 |   1930 |     20 |      0 |   1687 |   2 |  975.0 |
               +--------+--------+--------+--------+--------+-----+--------+

Top non-repeatable levels by time:
     D:1: 1079 daAuts
     D:2: 871 daAuts
